 Dungeon Crawl Stone Soup version 0.31.0-12-g77e489cdc1 (webtiles) character file.

Game seed: 18362131495403208472

488 booth the Changeling (level 6, 0/52 HPs)
             Began as a Draconian Shapeshifter on Feb 18, 2024.
             Slain by a sleepcap (3 damage)
             ... on level 4 of the Dungeon.
             The game lasted 00:19:31 (3412 turns).

booth the Changeling (Draconian Shapeshifter)       Turns: 3412, Time: 00:19:31

Health: 0/52       AC:  6    Str: 18    XL:     6   Next: 90%
Magic:  0/15       EV: 12    Int: 11    God:
Gold:   125        SH:  0    Dex: 10    Spells: 5/5 levels left

rFire   . . .        s - +0 whip (drain)
rCold   + . .        (no shield)
rNeg    . . .        (body armour unavailable)
rPois   .            (helmet currently unavailable)
rElec   .            (cloak currently unavailable)
rCorr   .            (gloves currently unavailable)
SInv    .            (boots currently unavailable)
Will    .....        h - amulet of guardian spirit
Stlth   +            o - ring of magical power
HPRegen 0.28/turn    w - ring of protection from cold
MPRegen 0.14/turn

%: guardian spirit
@: on fire, beast-form, glowing
A: beast (slay +3), AC +6, unfitting armour, cold-blooded
a: Begin Untransformation


You were on level 4 of the Dungeon.
You were a hulking beast.
You visited 1 branch of the dungeon, and saw 5 of its levels.

You collected 196 gold pieces.
You spent 71 gold pieces at shops.

Inventory:

Hand Weapons
 e - a +0 mace of electrocution
 s - a +0 whip of draining (weapon)
 t - a +0 hand axe
Missiles
 r - 8 poisoned darts (quivered)
 y - a throwing net
Jewellery
 h - an amulet of guardian spirit (around neck)
 o - a ring of magical power (left hand)
 p - a +6 ring of intelligence
 w - a ring of protection from cold (right hand)
 A - a ring of wizardry
Talismans
 b - a beast talisman
 c - a flux talisman
Wands
 u - a wand of charming (8)
 x - a wand of flame (24)
Scrolls
 f - a scroll of blinking
 g - 2 scrolls of enchant armour
 i - a scroll of revelation
 k - a scroll of brand weapon
 l - a scroll of enchant weapon {unknown}
 n - a scroll of teleportation
 v - a scroll of fog {unknown}
 z - a scroll of poison {unknown}
Potions
 a - a potion of lignification
 d - 3 potions of haste
 j - a potion of heal wounds
 q - 2 potions of brilliance


   Skills:
 + Level 3.9 Fighting
 + Level 3.1 Maces & Flails
 - Level 1.7 Dodging
 - Level 3.2 Unarmed Combat
 * Level 5.5 Shapeshifting


You had 5 spell levels left.
You didn't know any spells.
Your spell library contained the following spells:

 Spells                   Type           Power      Damage    Failure   Level
 Apportation              Tloc           0%         N/A       34%         1
 Necrotise                Necr           0%         1d4       34%         1
 Sting                    Conj/Alch      0%         1d3       34%         1
 Summon Small Mammal      Summ           0%         N/A       34%         1


Dungeon Overview and Level Annotations

Branches:
Dungeon (5/15)
 Temple: D:4-7

Altars:
Qazlal
Yredelemnul

Shops:
D:3 (

Annotations:
D:2 1 runed translucent door, Crazy Yiuf


Innate Abilities, Weirdness & Mutations

You are a hulking beast.
Your limbs bulge with bestial killing power. (Slay +3)
Your plain brown scales are hard. (AC +6)
You cannot fit into any form of body armour.
You are cold-blooded and may be slowed by cold attacks.


Message History

You wake up.
The sleepcap barely misses you.
The bombardier beetle sprays incendiary fluid at you.
The burning spray misses you.
You closely miss the bombardier beetle. The liquid fire burns you!
The sleepcap releases spores at you.
You are engulfed in a cloud of soporific spores!
You are unaffected.
You hit the bombardier beetle. You tail-slap the bombardier beetle!
The bombardier beetle is heavily wounded.
The liquid fire burns you!
* * * LOW HITPOINT WARNING * * *
The bombardier beetle sprays incendiary fluid at you.
The burning spray misses you.
The sleepcap releases spores at you but does no damage.
You closely miss the bombardier beetle.
The bombardier beetle is heavily wounded.
The liquid fire burns you!
* * * LOW HITPOINT WARNING * * *
The sleepcap releases spores at you but does no damage.
The bombardier beetle bites you.
* * * LOW HITPOINT WARNING * * *
You closely miss the bombardier beetle.
The bombardier beetle is heavily wounded.
The liquid fire burns you!
* * * LOW HITPOINT WARNING * * *
The sleepcap closely misses you.
You hit the bombardier beetle but do no damage.
You tail-slap the bombardier beetle!
The bombardier beetle is almost dead.
The liquid fire burns you!
* * * LOW HITPOINT WARNING * * *
The sleepcap barely misses you. The bombardier beetle bites you.
* * * LOW HITPOINT WARNING * * *
You hit the bombardier beetle.
You kill the bombardier beetle!
The liquid fire burns you!
* * * LOW HITPOINT WARNING * * *
The sleepcap releases spores at you.
You die...

#.b8bb.#.##....#......###.###....
#..bb.b..........)...##...##.....
#.b.b.##.........................
##...###......##...........#####.
....b##........#.............###.
..#b....b......#.................
.##.......)........#.............
................†.###.......#.###
...............fh.####...>..#####
.................†..##.......##.#
..............#......#...#.......
.........................########
..........##.##...........### #
..###.....###..........#..#.### #
..##..............##..##......# #
##.......##.......###..<......###
....#.......#....................


You could see a sleepcap.

Vanquished Creatures
  A phantom (D:4)
  A scorpion (D:4)
  2 bombardier beetles
  2 gnoll boudas (D:4)
  2 orc wizards (D:3)
  4 adders
  7 gnolls (D:4)
  6 dart slugs
  A ribbon worm (D:2)
  8 orcs
  11 ball pythons
  11 bats
  8 endoplasms
  A giant cockroach (D:3)
  5 goblins
  6 hobgoblins
  3 jackals (D:4)
  4 frilled lizards
  6 kobolds
  7 rats
96 creatures vanquished.

Notes
Turn   | Place    | Note
-------+----------+-------------------------------------------
     0 | D:1      | booth the Draconian Shapeshifter began the quest for the
                  | Orb.
     0 | D:1      | Reached XP level 1. HP: 16/16 MP: 1/1
   109 | D:1      | Reached XP level 2. HP: 23/23 MP: 2/2
   551 | D:2      | Reached XP level 3. HP: 29/29 MP: 3/3
   776 | D:2      | Found a runed translucent door.
   777 | D:2      | Noticed Crazy Yiuf
  1422 | D:3      | Reached skill level 1 in Maces & Flails
  1527 | D:3      | Reached XP level 4. HP: 36/36 MP: 4/4
  1621 | D:3      | Found Kitalam's Weapon Shop.
  1633 | D:3      | Bought a +0 whip of draining for 71 gold pieces
  1753 | D:3      | Reached skill level 4 in Shapeshifting
  2065 | D:3      | Reached XP level 5. HP: 42/42 MP: 5/5
  2482 | D:4      | Reached skill level 5 in Shapeshifting
  2482 | D:4      | Reached XP level 6. HP: 31/51 MP: 6/6
  2823 | D:4      | Found a basalt altar of Yredelemnul.
  2825 | D:4      | Found a stormy altar of Qazlal.
  3309 | D:5      | Entered Level 5 of the Dungeon
  3386 | D:5      | Noticed a water moccasin
  3412 | D:4      | Slain by a sleepcap

Illustrated notes

Levels and vault maps discovered:
D:1:      dpeg_arrival_solitude, layout_rooms
D:2:      layout_basic, uniq_crazy_yiuf_cottage
D:3:      layout_loops_ring, serial_shops, nicolae_shop_statue_plus,
          roderic_batcave, minivault_27, st_stairs_3, minmay_misc_feat_tower
D:4:      layout_cave_pools, chequers_temple_overflow_statue_of_worship
D:5:      layout_loops_ring, serial_library_hellmonk_room_b,
          minmay_stone_trees_small

Skill      XL: |  1  2  3  4  5  6 |
---------------+-------------------+-----
Fighting       | 2 3 |  3.9
Maces & Flails | 1 2 3 |  3.1
Shapeshifting  | 4 5 |  5.5
Dodging        | |  1.7
Unarmed Combat | |  3.2

Action                     |  1- 3 |  4- 6 || total
---------------------------+-------+-------++-------
  Melee: Unarmed           |   104 |     4 ||   108
         Tailslap          |     6 |    22 ||    28
         Punch             |     2 |     5 ||     7
         Whip              |       |   180 ||   180
  Throw: Dart              |       |     4 ||     4
    Use: Scroll            |     1 |     9 ||    10
         Potion            |       |     1 ||     1
   Stab: Sleeping          |       |     1 ||     1
 Armour: Skin              |    37 |   147 ||   184
  Dodge: Dodged            |    45 |   133 ||   178
